 Dungeon Crawl Stone Soup version 0.21.1-1-g345015f (webtiles) character file.

353 n0claF the Ducker (level 6, -2/72 HPs)
             Began as a Demonspawn Gladiator on July 4, 2018.
             Slain by an ogre
             ... wielding a +0 giant spiked club
              (7 damage)
             ... on level 4 of the Dungeon.
             The game lasted 00:07:18 (2502 turns).

n0claF the Ducker (Demonspawn Gladiator)            Turns: 2502, Time: 00:07:19

Health: -2/72      AC: 23    Str: 16    XL:     6   Next: 35%
Magic:  6/6        EV:  2    Int:  9    God:
Gold:   202        SH:  0    Dex: 15    Spells: 5/5 levels left

rFire    . . .     SeeInvis .   a - +0 war axe
rCold    . . .     Gourm    .   (no shield)
rNeg     + + +     Faith    .   (armour currently unavailable)
rPois    +         Spirit   .   (helmet currently unavailable)
rElec    .         Reflect  .   (cloak currently unavailable)
rCorr    .         Harm     .   (gloves currently unavailable)
MR       .....     NoTele   +   (boots currently unavailable)
Stlth    +.........             (no amulet)
HPRegen  0.22/turn              (no ring)
MPRegen  0.10/turn              (no ring)

@: lethally poisoned (-2 -> -3), tree-form
A: demonic guardian 1
a: no special abilities


You were on level 4 of the Dungeon.
You were not hungry.
You were a tree.
You visited 1 branch of the dungeon, and saw 4 of its levels.

You collected 202 gold pieces.

Inventory:

Hand Weapons
 a - a +0 war axe (weapon)
Missiles
 d - 3 throwing nets (quivered) {!f}
Armour
 c - a +0 helmet (melded)
 f - a +0 chain mail (melded)
   (You found it on level 1 of the Dungeon)
Jewellery
 o - an uncursed amulet of regeneration {unknown}
   (You found it on level 2 of the Dungeon)
Scrolls
 b - a scroll of identify {unknown}
 g - a scroll of enchant weapon {unknown}
 j - a scroll of immolation {unknown}
 l - 2 scrolls of teleportation {unknown}
 q - a scroll of amnesia {unknown}
Potions
 h - a potion of berserk rage {unknown}
 i - 2 potions of brilliance {unknown}
 k - a potion of curing {unknown}
 m - a potion of lignification {!q}
 n - a potion of might {unknown}
 r - a potion of flight {unknown}
Comestibles
 e - 5 rations {!d}
 p - 4 chunks of flesh


   Skills:
 + Level 3.7 Fighting
 + Level 3.9 Axes
 - Level 1.7 Throwing
 + Level 2.6 Armour
 + Level 4.0 Dodging


You had 5 spell levels left.
You didn't know any spells.

Dungeon Overview and Level Annotations

Branches:
Dungeon (4/15)
 Temple: D:4-7

Altars:


Innate Abilities, Weirdness & Mutations

A weak demonic guardian rushes to your aid.
((Your flesh is heat resistant. (rF+)))


Message History

The adder hisses angrily.
Found 27 arrows.
A frilled lizard and an ogre come into view.
The frilled lizard hisses angrily.
The adder completely misses you.
Your chain mail prevents you from hitting the adder.
The adder bites you but does no damage. x2
Some of the chunks of flesh in your inventory have rotted away.
You hit the adder but do no damage. The adder bites you.
The adder barely misses you.
Your iron imp hits the adder.
The ogre hits your iron imp with a giant spiked club!
You hit the adder. The adder closely misses you.
The frilled lizard bites your iron imp but does no damage.
Your iron imp closely misses the frilled lizard.
You miss the adder. The adder bites you but does no damage.
The ogre hits your iron imp with a giant spiked club!!
Your iron imp dies!
The adder bites you but does no damage.
The frilled lizard bites you but does no damage.
You closely miss the adder. You hit the frilled lizard.
You kill the frilled lizard!
The adder closely misses you. The adder bites you.
You are poisoned.
The adder poisons you! The ogre closely misses you.
You feel sick. The adder bites you.
You feel sick.
You slash the adder!
You feel sick. The adder closely misses you. The adder bites you.
You are more poisoned.
The adder poisons you!
You slash the adder!
You kill the adder!
You feel sick.
The ogre hits you with a giant spiked club!
You hit the ogre.
You feel sick.
The ogre hits you with a giant spiked club!
* * * LOW HITPOINT WARNING * * *
You hit the ogre.
You feel sick.
You hit the ogre.
The ogre hits you with a giant spiked club.
* * * LOW HITPOINT WARNING * * *
It was a potion of lignification.
You turn into a tree.
Your +0 helmet melds into your body.
Your +0 chain mail melds into your body.
Your roots penetrate the ground.
You feel sick. The ogre hits you but does no damage.
You hit the ogre.
You feel sick.
The ogre hits you with a giant spiked club!
You die...

###.. ..... .. ...#
#..####.## #..#
####.........
#÷.###............
##..##...#(........
#......#...........
#<>.##.5.#.(.......
#...###.##...###...
#.......♣O..$###...
#...#...###.......(
#..##.### #.[......
#..##.# #....(...
#..## #........
#..# #........ #...
......... .........
...##.###


You could see an ogre and a friendly iron imp.

Vanquished Creatures
  A phantom (D:4)
  7 adders
  An ooze (D:2)
  2 worms (D:3)
  A dart slug (D:3)
  2 leopard geckos
  8 orcs (D:3)
  7 giant cockroaches
  11 goblins
  7 hobgoblins
  3 jackals (D:1)
  2 ball pythons
  7 bats
  3 frilled lizards
  7 kobolds
  8 rats
77 creatures vanquished.

Vanquished Creatures (collateral kills)
  A bullfrog (D:3)
  A howler monkey (D:4)
  A hound (D:3)
  An orc priest (D:3)
  An orc wizard (D:3)
  A worm (D:3)
  An orc (D:3)
  A giant cockroach (D:3)
8 creatures vanquished.

Grand Total: 85 creatures vanquished

Notes
Turn   | Place    | Note
-------+----------+-------------------------------------------
     0 | D:1      | n0claF the Demonspawn Gladiator began the quest for the Orb.
     0 | D:1      | Reached XP level 1. HP: 16/16 MP: 1/1
   121 | D:1      | Gained mutation: Your flesh is heat resistant. (rF+) [demonic ancestry]
   121 | D:1      | Reached XP level 2. HP: 19/22 MP: 2/2
   229 | D:1      | Reached skill level 3 in Dodging
   233 | D:1      | Reached skill level 1 in Armour
   449 | D:1      | You fall through a shaft!
   456 | D:2      | Reached XP level 3. HP: 28/28 MP: 3/3
   726 | D:2      | Gained mutation: A weak demonic guardian rushes to your aid. [demonic ancestry]
   726 | D:2      | Reached XP level 4. HP: 11/34 MP: 4/4
  1351 | D:3      | Reached XP level 5. HP: 12/41 MP: 5/5
  2455 | D:4      | Noticed a phantom
  2458 | D:4      | Reached XP level 6. HP: 43/47 MP: 6/6
  2465 | D:4      | Reached skill level 4 in Dodging
  2502 | D:4      | Slain by an ogre

Skill      XL: |  1  2  3  4  5  6 |
---------------+-------------------+-----
Dodging        | 3 4 |  4.0
Axes           | 3 |  3.9
Armour         | 1 2 |  2.6
Fighting       | 3 |  3.7
Throwing       | |  1.7

Action                   |  1- 3 |  4- 6 || total
-------------------------+-------+-------++-------
Melee: War axe           |   108 |   158 ||   266
  Use: Potion            |       |     1 ||     1
 Stab: Distracted        |       |     1 ||     1
  Eat: Chunk             |       |     6 ||     6
Armor: Ring mail         |    31 |       ||    31
       Chain mail        |    41 |    99 ||   140
       Skin              |       |     1 ||     1
Dodge: Dodged            |    79 |    85 ||   164
